 Dungeon Crawl Stone Soup version 0.28.0-62-gf88900778d (webtiles) character file.

Game seed: 12473106897192027468

12289 tkbsonic5 the Sharpshooter (level 11, -3/43 HPs)
             Began as a Spriggan Arcane Marksman on Nov 8, 2023.
             Was a Priest of Hepliaklqana.
             Hit by a large rock thrown by a cyclops (43 damage)
             ... on level 14 of the Dungeon.
             The game lasted 00:32:36 (9043 turns).

tkbsonic5 the Sharpshooter (SpAM)                   Turns: 9043, Time: 00:32:37

Health: -3/43      AC:  5    Str:  9    XL:     11   Next: 60%
Magic:  16/18      EV: 19    Int: 20    God:    Hepliaklqana [***...]
Gold:   217        SH:  0    Dex: 27    Spells: 13/14 levels left

rFire   . . .      SeeInvis +   e - +9 arbalest of Karma {penet, Str+3}
rCold   . . .      Faith    .   (shield currently unavailable)
rNeg    . . .      Spirit   .   j - +0 troll leather armour
rPois   .          Reflect  .   (helmet restricted)
rElec   .          Harm     .   O - +0 cloak of the Trilobite {Int+6 Slay+3}
rCorr   .          Rampage  .   (gloves unavailable)
Will    +....                   (boots unavailable)
Stlth   +++.......              u - amulet of regeneration
HPRegen 1.74/turn               b - +4 ring of slaying
MPRegen 0.16/turn               T - +6 ring of dexterity

@: studying Fire Magic, very quick
A: reduced essence, very small, no large weapons, unfitting armour, see
invisible, speed 3
a: Renounce Religion, Recall Ancestor, Ancestor Identity, Transference


You were on level 14 of the Dungeon.
You worshipped Hepliaklqana.
Hepliaklqana was most pleased with you.
You visited 1 branch of the dungeon, and saw 12 of its levels.

You collected 1454 gold pieces.
You spent 1237 gold pieces at shops.

Inventory:

Hand Weapons
 a - a +0 shortbow
 e - the +9 arbalest of Karma (weapon) {penet, Str+3}
   (You acquired it on level 2 of the Dungeon)

   Any ammunition fired by it passes through the targets it hits, potentially
   hitting all targets in its path until it reaches maximum range.
   Str:       It affects your strength (+3).
 C - a +2 dagger of protection
Missiles
 c - 357 arrows
 n - 48 bolts (quivered ammo)
 A - 23 poisoned darts
 K - 6 atropa-tipped darts
 M - 2 boomerangs
 V - 4 silver boomerangs
Armour
 d - a +1 robe
 j - a +0 troll leather armour (worn)
 r - a scarf of harm
 O - the +0 cloak of the Trilobite (worn) {Int+6 Slay+3}
   (You acquired it on level 7 of the Dungeon)

   Int:       It affects your intelligence (+6).
   Slay:      It affects your accuracy & damage with ranged weapons and melee
   (+3).
Magical Staves
 y - a staff of conjuration
Jewellery
 b - a +4 ring of slaying (left hand)
 u - an amulet of regeneration (around neck)
 B - a ring of magical power
 J - an amulet of reflection
 P - a ring of willpower
 T - a +6 ring of dexterity (right hand)
 U - a ring of flight
Wands
 x - a wand of flame (36)
 F - a wand of paralysis (13)
 N - a wand of acid (3)
 Y - a wand of digging (5)
Scrolls
 f - 6 scrolls of teleportation
 m - 2 scrolls of immolation
 o - a scroll of summoning
 p - 2 scrolls of enchant weapon {unknown}
 q - a scroll of fog {unknown}
 D - 3 scrolls of magic mapping
 E - 2 scrolls of blinking {unknown}
 R - 2 scrolls of noise {unknown}
 X - a scroll of silence {unknown}
 Z - a scroll of vulnerability {unknown}
Potions
 g - 2 potions of attraction
 h - 2 potions of ambrosia
 i - 2 potions of mutation
 l - 3 potions of heal wounds
 s - 5 potions of haste
 t - 2 potions of flight
 v - 5 potions of curing
 w - 2 potions of magic
 z - 2 potions of brilliance
 G - 3 potions of invisibility
 H - a potion of berserk rage {unknown}
 I - a potion of resistance {unknown}
 L - 2 potions of might
 Q - a potion of experience {unknown}
 W - 2 potions of lignification
Miscellaneous
 k - a phial of floods


   Skills:
 - Level 0.7 Fighting
 - Level 6.4 Bows
 * Level 15.4 Crossbows
 - Level 3.7 Dodging
 - Level 2.9 Stealth
 - Level 2.1 Spellcasting
 - Level 4.0 Hexes
 + Level 8.1 Invocations


You had 13 spell levels left.
You knew the following spells:

 Your Spells              Type           Power      Damage    Failure   Level
a - Slow                  Hex            72%        N/A       4%          1

Your spell library contained the following spells:

 Spells                   Type           Power      Damage    Failure   Level
 Foxfire                  Conj/Fire      8%         2x1d4     22%         1
 Dazzling Flash           Conj/Hex       20%        N/A       28%         3
 Inner Flame              Hex/Fire       10%        N/A       28%         3
 Portal Projectile        Hex/Tloc       20%        N/A       28%         3
 Blink                    Tloc           4%         N/A       32%         2
 Static Discharge         Conj/Air       2%         N/A       32%         2
 Cause Fear               Hex            9%         N/A       38%         4
 Conjure Flame            Conj/Fire      2%         6-21      54%         3
 Ignite Poison            Fire/Tmut/Pois 2%         N/A       54%         3
 Mephitic Cloud           Conj/Pois/Air  2%         N/A       54%         3
 Dispel Undead            Necr           2%         3d7       91%         4
 Flame Wave               Conj/Fire      2%         2d4       91%         4
 Iskenderun's Mystic Bla  Conj/Tloc      2%         2d3       91%         4
 Sticky Flame             Conj/Fire      2%         2d3       91%         4
 Fireball                 Conj/Fire      1%         3d3       99%         5
 Freezing Cloud           Conj/Ice/Air   1%         6-21      99%         5
 Iskenderun's Battlesphe  Conj           2%         2d6       99%         5
 Manifold Assault         Tloc           2%         N/A       99%         5
 Conjure Ball Lightning   Conj/Air       1%         3x3d6     100%        6
 Starburst                Conj/Fire      1%         6d3       100%        6
 Orb of Destruction       Conj           1%         9d5       100%        7
 Storm Form               Tmut/Air       1%         N/A       100%        7


Dungeon Overview and Level Annotations

Branches:
Dungeon (11/15)            Temple (0/1) D:7            Lair (0/6) D:8
    Orc (0/2) D:9

Altars:
Ashenzari
Dithmenos
Elyvilon
Hepliaklqana
Kikubaaqudgha
Nemelex Xobeh
Qazlal
Sif Muna
Trog
Uskayaw
Xom
The Shining One

Shops:
D:9 [(!(=

Annotations:
D:7 2 transporters, Jingleheimer's ghost, novice OpTm


Innate Abilities, Weirdness & Mutations

Your life essence is reduced to manifest your ancestor. (-10% HP)
You are very small and have problems with some larger weapons.
You are too small for most types of armour.
You have supernaturally acute eyesight. (SInv)
You cover ground extremely quickly. (Speed+++)


Message History

You shoot a bolt.
The bolt pierces through the centaur warrior zombie!
The centaur warrior zombie is almost destroyed.
Wilfreda hits the centaur warrior zombie with a +0 dagger of draining!
The centaur warrior zombie is destroyed!
You now have 217 gold pieces (gained 18).
You see here a +0 shortbow.
n - 52 bolts (gained 1)
A sourceless malevolence fills the Dungeon...
You fall into a shaft and drop 3 floors!
The shaft crumbles and collapses. 2 orc priests and a cyclops come into view.
You can now swap creatures with your ancestor.
Found a scroll of teleportation.
You shoot a bolt. The bolt pierces through the cyclops.
The cyclops shouts!
The cyclops is lightly wounded.
The orc priest shouts! x2
The orc priest calls down the wrath of Beogh upon you.
Beogh smites you!
The orc priest casts a cantrip, but nothing happens.
You hear a shout!
Wilfreda is recalled.
You shoot a bolt. The bolt pierces through the cyclops!!
The cyclops is heavily wounded.
The cyclops throws a large rock.
The large rock hits Wilfreda!!
An orc wizard comes into view. It is wielding a +0 dagger.
Unknown command.
You shoot a bolt. Wilfreda avoids your attack.
The bolt pierces through the cyclops.
The cyclops is heavily wounded.
The orc wizard mumbles some strange words.
The orc wizard flickers and vanishes for a moment.
The cyclops hits Wilfreda!!
Wilfreda is destroyed!
You shoot a bolt. The bolt pierces through the cyclops!
The cyclops is almost dead.
The cyclops throws a large rock.
The large rock hits you!!!
Ouch! That really hurt!
You die...

....# .....
..... o....
.....#####.....
.........#.#.
.. .......o.. .
....#...o.. .#.
.........#.....
#@..C#.#.
####.?(.. .##


You could see a cyclops, 2 orc priests and an orc wizard (invisible).

Vanquished Creatures
  Snorg (D:10)
  3 two-headed ogres
  A deep elf pyromancer (D:10)
  A hornet (D:9)
  3 trolls (D:10)
  Grinder (D:6)
  8 yaks
  A wyvern (D:9)
  2 steam dragons
  2 water moccasins
  Duvessa (D:6)
  4 orc warriors
  2 sky beasts
  A necrophage (D:6)
  2 ogres
  12 centaurs
  2 phantoms
  3 kobold brigands
  3 bullfrogs
  2 wyvern zombies
  2 scorpions
  Dowan (D:6)
  10 killer bees
  5 wights (D:7)
  A howler monkey (D:10)
  A jelly (D:5)
  6 hounds
  3 centaur zombies
  5 orc priests
  Natasha (twice) (D:4)
  2 iguanas
  11 orc wizards
  A killer bee zombie (D:5)
  A hound skeleton (D:4)
  3 gnolls (D:2)
  A howler monkey zombie (D:7)
  2 howler monkey skeletons
  10 adders
  2 white imps (D:7)
  A dart slug (D:1)
  40 orcs
  9 endoplasms
  A giant cockroach (D:3)
  5 goblins
  3 hobgoblins
  10 jackals
  5 quokkas
  5 ball pythons
  6 bats
  3 frilled lizards
  A jackal skeleton (D:4)
  19 kobolds
  4 rats
236 creatures vanquished.

Vanquished Creatures (collateral kills)
  A two-headed ogre (D:9)
  An ugly thing (D:11)
  A cyclops (D:11)
  A centaur zombie (D:11)
  3 yaks (D:9)
  An orc warrior (D:8)
  A killer bee (D:9)
  An orc (D:10)
  A kobold (D:10)
11 creatures vanquished.

Vanquished Creatures (others)
  3 hexers
  25 fungi
  5 plants (D:8)
33 creatures vanquished.

Grand Total: 280 creatures vanquished

Notes
Turn   | Place    | Note
-------+----------+-------------------------------------------
     0 | D:1      | tkbsonic5 the Spriggan Arcane Marksman began the quest for
                  | the Orb.
     0 | D:1      | Reached XP level 1. HP: 9/9 MP: 3/3
   135 | D:1      | Reached skill level 1 in Stealth
   170 | D:1      | Reached XP level 2. HP: 14/14 MP: 3/5
   785 | D:2      | Reached XP level 3. HP: 17/17 MP: 6/6
  1001 | D:2      | Found a faded altar of an unknown god.
  1080 | D:2      | Reached XP level 4. HP: 21/21 MP: 8/8
  1365 | D:2      | Identified a scroll of acquirement
  1365 | D:2      | Acquired the +9 arbalest of Karma {penet, Str+3}
  1567 | D:3      | Reached skill level 1 in Crossbows
  1786 | D:3      | Noticed a kobold brigand
  1789 | D:3      | Killed a kobold brigand
  1790 | D:3      | Reached skill level 3 in Crossbows
  1790 | D:3      | Reached XP level 5. HP: 24/25 MP: 9/9
  1966 | D:3      | Found a shadowy altar of Dithmenos.
  2208 | D:4      | Reached skill level 4 in Crossbows
  2208 | D:4      | Reached XP level 6. HP: 27/29 MP: 10/10
  2226 | D:4      | Found a hide-covered altar of Uskayaw.
  2372 | D:4      | Found a glowing golden altar of the Shining One.
  2617 | D:4      | Reached skill level 5 in Crossbows
  2816 | D:4      | Noticed Natasha
  2819 | D:4      | Killed Natasha
  2985 | D:4      | Noticed Natasha
  2988 | D:4      | Killed Natasha
  3080 | D:5      | Entered Level 5 of the Dungeon
  3234 | D:5      | Reached skill level 6 in Crossbows
  3234 | D:5      | Reached XP level 7. HP: 32/32 MP: 11/11
  3613 | D:5      | Reached skill level 7 in Crossbows
  3942 | D:6      | Found an ancient bone altar of Kikubaaqudgha.
  3945 | D:6      | Reached XP level 8. HP: 37/37 MP: 12/12
  4203 | D:6      | Reached skill level 8 in Crossbows
  4234 | D:6      | Reached skill level 5 in Bows
  4336 | D:6      | Noticed Grinder
  4347 | D:6      | Killed Grinder
  4348 | D:6      | Reached skill level 9 in Crossbows
  4735 | D:6      | Noticed Duvessa
  4735 | D:6      | Noticed Dowan
  4746 | D:6      | Killed Dowan
  4776 | D:6      | Killed Duvessa
  4777 | D:6      | Reached skill level 10 in Crossbows
  4777 | D:6      | Reached XP level 9. HP: 37/40 MP: 13/13
  5046 | D:7      | Found a hazy altar of Hepliaklqana.
  5095 | D:7      | Became a worshipper of Hepliaklqana the Forgotten
  5117 | D:7      | Reached skill level 1 in Invocations
  5119 | D:7      | Reached skill level 11 in Crossbows
  5235 | D:7      | Found a staircase to the Ecumenical Temple.
  5350 | D:7      | Found a transporter.
  5394 | D:7      | Found a transporter.
  5402 | D:7      | Noticed a two-headed ogre
  5403 | D:7      | Found a bloodstained altar of Trog.
  5403 | D:7      | Noticed a moth of wrath
  5403 | D:7      | Noticed Jingleheimer's ghost (novice OpTm)
  5505 | D:7      | Found a bloodstained altar of Trog.
  5525 | D:7      | Found a white marble altar of Elyvilon.
  5648 | D:7      | Acquired the +0 cloak of the Trilobite {Int+6 Slay+3}
  6072 | D:7      | Reached * piety under Hepliaklqana
  6339 | D:8      | Acquired 793 gold pieces
  6546 | D:8      | Reached skill level 12 in Crossbows
  6592 | D:8      | Found a shimmering altar of Xom.
  6726 | D:8      | Reached ** piety under Hepliaklqana
  6727 | D:8      | Remembered your ancestor Wilfreda as a hexer
  6917 | D:8      | Found a staircase to the Lair.
  7088 | D:9      | Reached XP level 10. HP: 39/39 MP: 11/14
  7110 | D:9      | Found Cinkupnode's Antique Armour Shoppe.
  7148 | D:9      | Found a staircase to the Orcish Mines.
  7197 | D:9      | Reached skill level 5 in Invocations
  7205 | D:9      | Reached skill level 13 in Crossbows
  7221 | D:9      | Found Syshuiz's Jewellery Shoppe.
  7224 | D:9      | Found Xeepiasm's Weapon Emporium.
  7263 | D:9      | Bought a +6 ring of dexterity for 702 gold pieces
  7263 | D:9      | Bought a ring of flight for 210 gold pieces
  7278 | D:9      | Bought 4 silver boomerangs for 72 gold pieces
  7283 | D:9      | Found Larakhli's Distillery.
  7293 | D:9      | Bought a potion of heal wounds for 55 gold pieces
  7293 | D:9      | Bought a potion of lignification for 33 gold pieces
  7293 | D:9      | Bought a potion of might for 44 gold pieces
  7293 | D:9      | Bought a potion of heal wounds for 55 gold pieces
  7293 | D:9      | Bought a potion of curing for 33 gold pieces
  7293 | D:9      | Bought a potion of flight for 33 gold pieces
  7304 | D:9      | Noticed a two-headed ogre
  7309 | D:9      | Killed a two-headed ogre
  7486 | D:9      | Found a shimmering blue altar of Sif Muna.
  7490 | D:9      | Found Geto's Weapon Emporium.
  7606 | D:9      | Found a sparkling altar of Nemelex Xobeh.
  7672 | D:10     | Entered Level 10 of the Dungeon
  7795 | D:10     | Noticed Snorg
  7803 | D:10     | Killed Snorg
  7804 | D:10     | Reached skill level 14 in Crossbows
  7880 | D:10     | Noticed a two-headed ogre
  7883 | D:10     | Killed a two-headed ogre
  7884 | D:10     | Reached XP level 11. HP: 43/43 MP: 15/17
  8075 | D:10     | Noticed a deep elf pyromancer
  8077 | D:10     | Killed a deep elf pyromancer
  8260 | D:10     | Found a stormy altar of Qazlal.
  8417 | D:11     | Noticed a two-headed ogre
  8422 | D:11     | Killed a two-headed ogre
  8580 | D:11     | Noticed a red ugly thing
  8590 | D:11     | Killed a red ugly thing
  8591 | D:11     | Reached skill level 15 in Crossbows
  8940 | D:11     | Noticed a two-headed ogre
  8945 | D:11     | Killed a two-headed ogre
  8958 | D:11     | Found a broken altar of Ashenzari.
  9038 | D:11     | You fall into a shaft and drop 3 floors!
  9038 | D:14     | Reached *** piety under Hepliaklqana
  9043 | D:14     | Hit by a large rock thrown by a cyclops

Illustrated notes

Levels and vault maps discovered:
D:1:      pf_arrival_petrified_forest, layout_rooms, minmay_pentomino_u4
D:2:      layout_basic, ebering_ecumenical_altar_webs
D:3:      layout_basic, nicolae_dithmenos_the_darkroom
D:4:      layout_gridville, eat_drink_and_be_merry_uskayaw, tso_oasis_becter,
          uniq_natasha
D:5:      layout_basic, minivault_4
D:6:      layout_rooms, amcnicky_altar_gilded, serial_aquarium,
          aquarium_bridge_square [aquarium_subvault_bridge,
          aquarium_subvault_window, aquarium_subvault_bridge,
          aquarium_subvault_wall], aquarium_bridge_island_large
          [aquarium_subvault_large_water, aquarium_subvault_wall,
          aquarium_subvault_wall, aquarium_subvault_bridge,
          aquarium_subvault_wall], aquarium_window_1,
          aquarium_window_corridor_1, aquarium_window_2, aquarium_view_2g,
          minmay_chambers_of_fives, uniq_duvessa, uniq_grinder
D:7:      minmay_spotlight, layout_basic, mainiacjoe_overflow_paths,
          elyvilon_altar_3, mainiacjoe_overflow_concentric_impassable,
          minmay_temple_entry_metal_lava, gammafunk_ghost_wrathful_warriors
D:8:      layout_basic, lemuel_tele_altar, grunt_lair_entry_orc_guard_hut
D:9:      layout_rooms, nemelex_diamond_rough_becter, kennysheep_mini_moat,
          orc_0_dummy, serial_shops, shop_fountains, nicolae_stop_n_shop_2,
          nicolae_diamond_shop, shop_fountains, nicolae_shop_crystal, eino_jars
D:10:     layout_basic, nicolae_qazlal_eye_of_the_storm, uniq_snorg
D:11:     layout_basic, minmay_misc_feat_five, ashenzari_conservatory_becter
D:14:     layout_rooms, serial_glass, glass_columns_a, glass_columns_a,
          glass_columns_c, glass_columns_a, glass_columns_b, glass_columns_b,
          serial_shops, nicolae_stop_n_shop_2, uniq_louise

Skill      XL: |  1  2  3  4  5  6  7  8  9 10 11 |
---------------+----------------------------------+-----
Stealth        | 1 2 |  2.9
Dodging        | 3 |  3.7
Bows           | 3 4 6 |  6.4
Spellcasting   | 2 |  2.1
Hexes          | 4 |  4.0
Crossbows      | 3 4 6 7 10 12 14 15 | 15.4
Invocations    | 4 6 8 |  8.1
Fighting       | |  0.7

Action                   |  1- 3 |  4- 6 |  7- 9 | 10-12 || total
-------------------------+-------+-------+-------+-------++-------
Melee: Arbalest          |       |       |     1 |       ||     1
 Fire: Shortbow          |    90 |     7 |    20 |       ||   117
       Arbalest          |       |    92 |   146 |   131 ||   369
Invok: Recall Ancestor   |       |       |     4 |     7 ||    11
       Ancestor Life: He |       |       |     1 |       ||     1
  Use: Scroll            |       |     3 |    11 |     4 ||    18
       Potion            |       |       |     1 |       ||     1
Armor: Robe              |     5 |       |       |     1 ||     6
Dodge: Dodged            |    17 |    15 |    28 |    30 ||    90
